 Dungeon Crawl Stone Soup version 0.31-a0-455-g1a7b003ef0 (webtiles) character file.

Game seed: 4483629580461229391

89 Gelion the Changeling (level 4, -3/29 HPs)
             Began as an Octopode Shapeshifter on Aug 4, 2023.
             Slain by a hound (5 damage)
             ... on level 3 of the Dungeon.
             The game lasted 00:03:38 (2252 turns).

Gelion the Changeling (Octopode Shapeshifter)       Turns: 2252, Time: 00:03:38

Health: -3/29      AC:  1    Str: 14    XL:     4   Next: 55%
Magic:  4/4        EV: 13    Int: 10    God:
Gold:   115        SH:  0    Dex: 14    Spells: 3/3 levels left

rFire   . .          .
                       - Unarmed
rCold   . . .        (no shield)
rNeg    . . .        (helmet currently unavailable)
rPois   .            (no amulet)
rElec   .            (no ring)
rCorr   .            (no ring)
SInv    .            (no ring)
Will    .....        (no ring)
Stlth   ++           (no ring)
HPRegen 0.24/turn    (no ring)
MPRegen 0.09/turn    (no ring)
                     (no ring)

%: no passive effects
@: lethally poisoned (-3 -> -5), beast-form
A: beast (slay +2), almost no armour, amphibious, 8 rings, camouflage 1,
gelatinous body 1, (nimble swimmer 1), tentacles
a: Begin Untransformation


You were on level 3 of the Dungeon.
You were a hulking beast.
You visited 1 branch of the dungeon, and saw 3 of its levels.

You collected 115 gold pieces.

Inventory:

Jewellery
 f - a ring of flight
 i - an amulet of the acrobat
Talismans
 b - a beast talisman (active)
Scrolls
 c - a scroll of brand weapon {unknown}
 d - a scroll of acquirement {unknown}
 e - a scroll of torment {unknown}
Potions
 a - a potion of lignification
 g - a potion of enlightenment
 h - a potion of curing


   Skills:
 + Level 2.2 Fighting
 - Level 2.0 Dodging
 + Level 3.6 Unarmed Combat
 * Level 3.9 Shapeshifting


You had 3 spell levels left.
You didn't know any spells.
Your spell library contained the following spells:

 Spells                   Type           Power      Damage    Failure   Level
 Sandblast                Erth           0%         2d4       36%         1
 Ensorcelled Hibernation  Hex/Ice        0%         N/A       50%         2
 Passwall                 Tmut/Erth      0%         N/A       50%         2
 Stone Arrow              Conj/Erth      0%         3d7       75%         3
 Swiftness                Air            0%         N/A       75%         3


Dungeon Overview and Level Annotations

Branches:
Dungeon (3/15)

Altars:

Shops:
D:1 [


Innate Abilities, Weirdness & Mutations

You are a hulking beast.
Your limbs bulge with bestial killing power. (Slay +2)
You cannot wear most types of armour.
You are amphibious.
You can wear up to eight rings at the same time.
Your skin changes colour to match your surroundings (Stealth+).
Your rubbery body absorbs attacks. (AC +1, EV +1)
((You are camouflaged when in or above water. (Stealth+)))
You have tentacles for arms and can constrict up to eight enemies at once.


Message History

No target in view!
Found a quarterstaff.
Found a scale mail.
You pick up a book of Geomancy and begin reading...
You add the spells Sandblast and Stone Arrow to your library.
A kobold comes into view.
It is wielding a +0 dagger of venom and quivering poisoned darts.
A ball python comes into view.
Found a short sword and a scroll of identify.
A hound comes into view.
The kobold shouts!
The hound barks!
A bat comes into view.
An orc priest comes into view. It is wielding a +0 hand axe.
Found a stone staircase leading down.
The ball python hisses angrily.
An orc comes into view. It is wielding a +0 club.
The hound attacks as you move away! The hound misses you. The hound bites you.
The hound attacks as you move away! The hound barely misses you.
The hound closely misses you. The hound attacks as you move away!
The hound barely misses you. The hound attacks as you move away!
The hound bites you. x2
The bat hits you.
The kobold throws a poisoned dart.
The poisoned dart closely misses you. The bat attacks as you move away!
The bat barely misses you. The bat hits you but does no damage.
The kobold throws a poisoned dart.
The poisoned dart hits you!
You are poisoned.
The hound attacks as you move away! The hound bites you.
You feel very sick.
You feel sick. The hound barely misses you. The hound attacks as you move away!
The hound bites you but does no damage.
You feel sick. The hound attacks as you move away!
The hound closely misses you.
You feel sick. The hound bites you.
* * * LOW HITPOINT WARNING * * *
You tentacle-slap the hound. Your grab misses the hound.
Your squeeze misses the hound.
The hound is lightly wounded.
* * * LOW HITPOINT WARNING * * *
You feel sick. The hound bites you.
You die...

#.............>$.....
##...................
<...........#.........
....#####o###...[.....
..........# ..#....)..
.=..###.K###.##.###..
#S......... #h###.##..
. #h....# . #..####
#.#####..# #.......##
###..##.## ..# ..#
##.....### .##.# ..#
#.##.(..##. #.# ... ..
#.##.#.. #.# #.# #.
#.##...###.####.##


You could see a hound, an orc priest, a ball python and a kobold.

Vanquished Creatures
  2 adders
  3 worms
  2 dart slugs
  An orc (D:3)
  2 ball pythons
  10 endoplasms
  2 giant cockroaches
  5 hobgoblins
  4 kobolds (D:2)
  4 quokkas
  2 bats (D:2)
  3 frilled lizards
  6 goblins
  7 rats
53 creatures vanquished.

Notes
Turn   | Place    | Note
-------+----------+-------------------------------------------
     0 | D:1      | Gelion the Octopode Shapeshifter began the quest for the
                  | Orb.
     0 | D:1      | Reached XP level 1. HP: 13/13 MP: 1/1
   306 | D:1      | Reached XP level 2. HP: 18/18 MP: 2/2
   401 | D:1      | Found Zashy's Antique Armour Shop.
   905 | D:1      | Reached XP level 3. HP: 23/23 MP: 3/3
  1500 | D:2      | Reached XP level 4. HP: 29/29 MP: 4/4
  2054 | D:3      | Identified the +1 robe of Makhleb's Delight {rF+ rC+ Str+2}
  2252 | D:3      | Slain by a hound

Illustrated notes

Levels and vault maps discovered:
D:1:      dpeg_arrival_snail, layout_loops_ring, serial_shops, shop,
          kennysheep_small_spiral
D:2:      layout_loops_corners
D:3:      layout_rooms, pdpol_wu_jian_five_deadly_venoms,
          gammafunk_temple_overflow_wave, uniq_terence, uniq_natasha

Skill      XL: |  1  2  3 |
---------------+----------+-----
Fighting       | 2 |  2.2
Dodging        | |  2.0
Unarmed Combat | |  3.6
Shapeshifting  | |  3.9

Action                     |  1- 3 |  4- 6 || total
---------------------------+-------+-------++-------
  Melee: Unarmed           |    76 |    28 ||   104
         Constrict         |    14 |     8 ||    22
         Tentacles         |    13 |     6 ||    19
         Punch             |     5 |     1 ||     6
    Use: Potion            |     1 |       ||     1
         Scroll            |       |     3 ||     3
   Stab: Sleeping          |    10 |     3 ||    13
 Armour: Skin              |     2 |     2 ||     4
  Dodge: Dodged            |    32 |    18 ||    50

Table legend: (Time is in decaauts)
 A = Elapsed time spent in this place.
 B = Non-inter-level travel time spent in this place.
 C = Inter-level travel time spent in this place.
 D = Time resting spent in this place.
 E = Time spent auto-exploring this place.
 F = Levels seen in this place.
 G = Mean time per level.
                   A        B        C        D        E       F      G
               +--------+--------+--------+--------+--------+-----+--------+
         Total |   2244 |   2142 |    102 |      7 |   1815 |   3 |  748.0 |
       Dungeon |   2244 |   2142 |    102 |      7 |   1815 |   3 |  748.0 |
               +--------+--------+--------+--------+--------+-----+--------+

Top non-repeatable levels by time:
     D:1: 1044 daAuts
     D:2: 972 daAuts
     D:3: 227 daAuts
